 Dungeon Crawl Stone Soup version 0.30-a0-1160-g6e42c06551 (webtiles) character file.

Game seed: 3841400979956667552

284997 ryw the Warrior (level 19, -2/165 HPs)
             Began as a Mummy Fighter on Apr 25, 2023.
             Was an Elder of Okawaru.
             Splashed by a brown very ugly thing's acid (4 damage)
             ... on level 1 of the Vaults.
             The game lasted 02:08:10 (57166 turns).

ryw the Warrior (Mummy Fighter)                    Turns: 57166, Time: 02:08:10

Health: -2/165     AC: 44    Str: 32    XL:     19   Next: 80%
Magic:  23/25      EV:  9    Int:  7    God:    Okawaru [****..]
Gold:   1844       SH: 15    Dex: 13    Spells: 22/22 levels left

rFire   + + +        C - +4 eveningstar (freeze)
rCold   + + +        G - +2 shield of Resistance {rF++ rC++ Will++}
rNeg    + + +        E - +8 orange crystal plate armour {Archmagi, Int+3 Clar}
rPois   ∞            B - +2 hat
rElec   +            r - scarf {rC+ rF+}
rCorr   +            T - +2 pair of gloves {Str+3}
SInv    +            M - +2 pair of boots
Will    ++++.        c - amulet "Sum Mips" {RegenMP rC++ Str+3 Int-5} Stlth
                     m - ring of Tomorrow {Will+ rCorr Dex+2}
HPRegen 0.47/turn    X - ring "Qismu" {Fire rElec rPois Will- SInv}
MPRegen 0.59/turn

%: clarity, faith, archmagi
@: heroic, finesse-ful, studying Ranged Weapons
A: cold resistance 1, negative energy resistance 3, torment resistance 2, heat
vulnerability 1, in touch with death 2, no potions, faith
}: 2/15 runes: serpentine, barnacled
a: Renounce Religion, Heroism, Finesse


You were on level 1 of the Vaults.
You worshipped Okawaru.
Okawaru was greatly pleased with you.
You visited 7 branches of the dungeon, and saw 34 of its levels.
You also visited: Sewer and Ice Cave.

You collected 3561 gold pieces.
You spent 1717 gold pieces at shops.

Inventory:

Hand Weapons
 b - a +9 morningstar of electrocution
 C - a +4 eveningstar of freezing (weapon)
Missiles
 a - 5 boomerangs of dispersal
 i - 10 javelins (quivered)
 s - 10 silver javelins
 D - 4 curare-tipped darts
 U - 4 silver boomerangs
 Z - 8 atropa-tipped darts
Armour
 r - a scarf of resistance (worn)
 w - a scarf of repulsion
 B - a +2 hat (worn)
 E - the +8 orange crystal plate armour (worn) {Archmagi, Int+3 Clar}
   (Okawaru gifted it to you on level 10 of the Dungeon)

   Int:       It affects your intelligence (+3).
   Clar:      It protects you from confusion, rage, mesmerisation and fear.
 G - the +2 shield of Resistance (worn) {rF++ rC++ Will++}
   (Okawaru gifted it to you on level 12 of the Dungeon)

   rF:        It greatly protects you from fire.
   rC:        It greatly protects you from cold.
   Will:      It greatly increases your willpower.
 K - the +1 pair of gloves of Udofyuluata {rF+ Int+2}
   (You acquired it on level 2 of the Orcish Mines)

   Int:       It affects your intelligence (+2).
   rF:        It protects you from fire.
 M - a +2 pair of boots (worn)
 T - a +2 pair of gloves of strength (worn)
 Y - a +2 crystal plate armour
Jewellery
 c - the amulet "Sum Mips" (around neck) {RegenMP rC++ Str+3 Int-5}
   (You found it on level 12 of the Dungeon)

   [amulet of magic regeneration]

   It increases your rate of magic regeneration.
   Str:       It affects your strength (+3).
   Int:       It affects your intelligence (-5).
   rC:        It greatly protects you from cold.
 m - the ring of Tomorrow (left hand) {Will+ rCorr Dex+2}
   (You bought it in a shop on level 5 of the Dungeon)

   [ring of willpower]

   Dex:       It affects your dexterity (+2).
   rCorr:     It protects you from acid and corrosion.
   Will:      It increases your willpower.
 F - the amulet "Duojy" {RegenMP rCorr}
   (You took it off a deep elf annihilator on level 3 of the Elven Halls)

   [amulet of magic regeneration]

   It increases your rate of magic regeneration.
   rCorr:     It protects you from acid and corrosion.
 I - a ring of see invisible
 O - the ring "Taexopre" {Fly rF+ Will+ MP+9}
   (You took it off a deep elf annihilator on level 3 of the Elven Halls)

   [ring of flight]

   rF:        It protects you from fire.
   MP:        It affects your magic capacity (+9).
   Fly:       It grants you flight.
   Will:      It increases your willpower.
 W - the ring "Fuagoid Qaru" {rElec rN+ AC+4 Str-3}
   (You found it on level 4 of the Shoals)

   [ring of protection]

   AC:        It affects your AC (+4).
   Str:       It affects your strength (-3).
   rElec:     It insulates you from electricity.
   rN:        It protects you from negative energy.
 X - the ring "Qismu" (right hand) {Fire rElec rPois Will- SInv}
   (You took it off a deep elf demonologist on level 3 of the Elven Halls)

   [ring of fire]

   It enhances your fire magic.
   rF:        It protects you from fire.
   rC:        It makes you vulnerable to cold.
   rElec:     It insulates you from electricity.
   rPois:     It protects you from poison.
   SInv:      It lets you see invisible.
   Will:      It decreases your willpower.
Wands
 d - a wand of mindburst (4)
 o - a wand of paralysis (18)
 v - a wand of digging (18)
 x - a wand of flame (41)
 y - a wand of roots (16)
 R - a wand of polymorph (7)
 V - a wand of light (18)
Scrolls
 e - 2 scrolls of torment
 f - a scroll of silence
 g - 4 scrolls of teleportation
 h - 6 scrolls of fog
 j - 26 scrolls of identify
 k - 5 scrolls of poison
 l - 3 scrolls of blinking
 p - 3 scrolls of vulnerability
 q - 2 scrolls of butterflies
 t - 5 scrolls of magic mapping
 u - 4 scrolls of fear
 A - 6 scrolls of immolation
 J - a scroll of enchant armour
 L - 2 scrolls of amnesia
Miscellaneous
 z - a piece from Xom's chessboard (15/15)
 H - a lightning rod (4/4)


   Skills:
 + Level 18.7(23.7) Fighting
 + Level 18.1(23.1) Maces & Flails
 - Level 2.1(7.1) Ranged Weapons
 - Level 8.0(13.0) Throwing
 + Level 15.4(20.4) Armour
 + Level 11.4(16.4) Shields
 - Level 2.0 Spellcasting
 - Level 8.0 Invocations
 - Level 1.9 Evocations


You had 22 spell levels left.
You didn't know any spells.
Your spell library contained the following spells:

 Spells                   Type           Power      Damage    Failure   Level
 Apportation              Tloc           2%         N/A       99%         1
 Magic Dart               Conj           4%         1d3       99%         1
 Necrotise                Necr           8%         1d4       99%         1
 Blink                    Tloc           2%         N/A       99%         2
 Lesser Beckoning         Tloc           2%         N/A       99%         2
 Searing Ray              Conj           2%         2d4       99%         2
 Frozen Ramparts          Ice            2%         1d1       100%        3
 Gell's Gravitas          Tloc           1%         N/A       100%        3
 Hailstorm                Conj/Ice       1%         3d3       100%        3
 Inner Flame              Hex/Fire       1%         N/A       100%        3
 Portal Projectile        Hex/Tloc       2%         N/A       100%        3
 Teleport Other           Tloc           1%         N/A       100%        3
 Vhi's Electric Charge    Tloc/Air       2%         N/A       100%        3
 Anguish                  Hex/Necr       1%         N/A       100%        4
 Cause Fear               Hex            0%         N/A       100%        4
 Fulminant Prism          Conj/Hex       0%         3d5       100%        4
 Leda's Liquefaction      Hex/Erth       0%         N/A       100%        4
 Manifold Assault         Tloc           1%         N/A       100%        4
 Petrify                  Tmut/Erth      1%         N/A       100%        4
 Arcjolt                  Conj/Air       0%         1d10      100%        5
 Borgnjor's Vile Clutch   Necr/Erth      1%         N/A       100%        5
 Metabolic Englaciation   Hex/Ice        0%         N/A       100%        5
 Yara's Violent Unravell  Hex/Tmut       0%         3d3       100%        5
 Iron Shot                Conj/Erth      0%         9d1       100%        6
 Plasma Beam              Fire/Air       0%         2x1d11    100%        6
 Enfeeble                 Hex            0%         N/A       100%        7
 Summon Small Mammal      Summ           Unusable   N/A       N/A         1
 Call Canine Familiar     Summ           Unusable   N/A       N/A         3
 Animate Armour           Summ/Erth      Unusable   N/A       N/A         4
 Animate Dead             Necr           Unusable   N/A       N/A         4
 Ice Form                 Ice/Tmut       Unusable   N/A       N/A         4
 Summon Ice Beast         Ice/Summ       Unusable   N/A       N/A         4
 Blade Hands              Tmut           Unusable   N/A       N/A         5
 Death Channel            Necr           Unusable   N/A       N/A         6
 Simulacrum               Ice/Necr       Unusable   N/A       N/A         6
 Statue Form              Tmut/Erth      Unusable   N/A       N/A         6
 Dragon Form              Tmut           Unusable   N/A       N/A         7
 Storm Form               Tmut/Air       Unusable   N/A       N/A         7
 Dragon's Call            Summ           Unusable   N/A       N/A         9

Dungeon Overview and Level Annotations

Branches:
Dungeon (15/15)            Temple (0/1) D:7            Lair (5/5) D:10
 Shoals (4/4) Lair:2        Snake (4/4) Lair:3        Slime (0/5) Lair:5
    Orc (2/2) D:10            Elf (3/3) Orc:2        Vaults (1/5) D:13
 Depths (0/4) D:15          Sewer (visited)           IceCv (visited)

Altars:
Ashenzari
Hepliaklqana
Makhleb
Nemelex Xobeh
Okawaru
Qazlal
Sif Muna
Trog
Uskayaw
Vehumet
Wu Jian
Xom
Jiyva

Shops:
D:5 =   D:8 *   Orc:2 (*[?*[   Elf:1 :   Elf:2 :   Shoals:1 [   Shoals:4 !
Snake:1 (   Snake:4 !*

Annotations:
Vaults:1 3 runed translucent doors, Heh's ghost, adept OpVM


Innate Abilities, Weirdness & Mutations

You are immune to poison.
Your flesh is cold resistant. (rC+)
You are immune to negative energy. (rN+++)
You are immune to unholy pain and torment.
You are vulnerable to heat. (rF-)
You are strongly in touch with the powers of death.
You do not drink.
You have a special connection with the divine. (Faith)


Message History

The ironbound convoker seems to regain its courage.
A lindwurm comes into view.
The lindwurm breathes flames at you.
The blast of flame hits you but does no damage.
You resist.
You closely miss the green very ugly thing.
The green very ugly thing is lightly wounded.
The green very ugly thing engulfs you but does no damage.
The ironbound convoker begins to recite a word of recall!
The green very ugly thing barely misses you.
The green very ugly thing basks in the mutagenic energy from its kin and changes!
The green very ugly thing barely misses you.
You completely miss the brown very ugly thing.
You hit the green very ugly thing but do no damage.
The green very ugly thing is lightly wounded.
The green very ugly thing kicks you but does no damage.
You sock the green very ugly thing! You freeze the green very ugly thing.
The green very ugly thing is lightly wounded.
The green very ugly thing engulfs you but does no damage.
You bludgeon the green very ugly thing!!
You freeze the green very ugly thing!
The green very ugly thing is moderately wounded.
The vault sentinel is recalled.
The wizard is recalled.
The ironbound convoker gestures at the vault sentinel while chanting.
The vault sentinel seems to grow stronger.
The vault sentinel blows a loud note on a signal horn!
You hear a shout!
You gain the combat prowess of a mighty hero.
You can no longer enter into single combat with a foe.
Okawaru will no longer gift you equipment.
The green very ugly thing closely misses you.
The brown very ugly thing pecks you but does no damage.
The green very ugly thing engulfs you but does no damage.
You hit the green very ugly thing but do no damage.
The green very ugly thing is moderately wounded.
The green very ugly thing basks in the mutagenic energy from its kin and changes!
The brown very ugly thing pecks you!
* * * LOW HITPOINT WARNING * * *
You are splashed with acid.
You resist.
You die... #.. #...pc). ##.. ##.u.##. #..# ##.##.. ..# ####'#### #'###### #........ #......# #........ ...#####......# ####+++## ....p.p'uu....# #..omCWHm

.......#u@....#
#.#8Qo.8#
.......#......#
#........
.......#......#
#.#8...8#
.......#......#
#...))[..
......k########
......k .......


You could see 3 very ugly things, an ironbound convoker (catching breath) and a
wizard (summoned).

Vanquished Creatures
  Vashnia (Snake:3)
  Mlioglotl (Snake:3)
  Asterion (Snake:1)
  3 deep elf blademasters
  2 deep elf master archers (Elf:3)
  Gastronok (Lair:1)
  A kraken (Shoals:3)
  Polyphemus (Shoals:4)
  Donald (Shoals:2)
  5 nagarajas
  6 deep elf sorcerers
  Louise (Snake:3)
  6 deep elf elementalists (Elf:3)
  A reaper (IceCv)
  The ghost of Anupeecu the Cleaver, a journeyman DsMo of Makhleb (D:13)
  A war gargoyle (Vaults:1)
  2 ironbound preservers (Vaults:1)
  2 ironbound thunderhulks (Vaults:1)
  A stone giant (D:15)
  5 deep elf demonologists (Elf:3)
  10 deep elf annihilators (Elf:3)
  2 ettins
  7 deep elf death magi (Elf:3)
  8 merfolk javelineers
  8 merfolk impalers
  2 deep elf high priests
  Fannar (D:10)
  Josephine (D:10)
  Harold (D:10)
  Erolcha (Orc:1)
  A great orb of eyes (Vaults:1)
  3 salamander tyrants (Snake:4)
  6 hydras
  An ironbound frostheart (Vaults:1)
  2 merfolk avatars
  A catoblepas (shapeshifter) (Elf:2)
  A catoblepas (Shoals:4)
  5 centaur warriors
  3 boulder beetles
  Erica (D:10)
  3 satyrs
  8 anacondas
  29 dancing weapons
  6 death yaks
  2 two-headed ogres
  3 merfolk aquamancers (Shoals:4)
  4 alligator snapping turtles
  A tengu warrior (D:15)
  7 naga warriors
  5 orc high priests (Orc:2)
  5 shock serpents
  Amaemon (D:10)
  Sonja (Lair:2)
  13 spriggans (Lair:5)
  21 deep elf knights
  4 skysharks
  19 naga sharpshooters
  A shadow wraith (D:13)
  An iron troll (D:13)
  19 sea snakes
  6 wizards
  A glowing orange brain (shapeshifter) (Elf:3)
  7 deep trolls
  17 deep elf archers
  3 naga ritualists
  An ironbound convoker (Vaults:1)
  10 orc knights
  A kraken simulacrum (Shoals:4)
  2 phantasmal warriors (D:13)
  5 lindwurms
  7 mana vipers
  32 deep elf pyromancers
  8 orc sorcerers
  29 deep elf zephyrmancers
  8 harpies
  10 ugly things
  9 manticores
  19 fauns
  7 merfolk sirens
  7 cyclopes
  7 salamanders
  13 elephants
  11 naga magi
  Maurice (D:8)
  A vault sentinel (Vaults:1)
  2 ice statues (IceCv)
  4 water nymphs
  A guardian serpent (Snake:4)
  28 black mambas
  9 cane toads
  A gargoyle (D:12)
  An orange demon (Lair:1)
  4 kobold demonologists
  3 rime drakes
  8 ice devils (IceCv)
  2 anaconda simulacra (IceCv)
  6 komodo dragons
  4 unseen horror zombies (D:8)
  A yaktaur (Vaults:1)
  3 freezing wraiths (D:13)
  31 merfolk
  3 meliai (D:15)
  11 wind drakes
  5 polar bears
  7 trolls
  5 hornets (Lair:5)
  Grinder (D:6)
  Prince Ribbit (D:8)
  14 blink frogs
  6 dream sheep
  5 slime creatures
  8 snapping turtles
  4 air elementals
  3 dire elephant simulacra (IceCv)
  11 water elementals
  9 yaks
  2 shadows
  A vampire (D:9)
  3 wyverns
  3 basilisks
  6 wraiths
  A steam dragon (D:7)
  5 vampire mosquitoes
  2 fire elementals
  A death yak simulacrum (IceCv)
  42 nagas
  Edmund (D:6)
  4 acid dragons
  2 hell hounds (Lair:3)
  10 water moccasins
  3 ice beasts
  34 orc warriors
  2 sky beasts (D:7)
  4 black bears
  2 hornet zombies (D:8)
  7 ogres
  4 boggarts (Lair:5)
  15 centaurs
  22 wolves
  7 kobold brigands
  8 bullfrogs
  3 scorpions
  3 earth elementals
  2 gnoll sergeants
  A cane toad simulacrum (IceCv)
  2 two-headed ogre simulacra (IceCv)
  25 wights
  A killer bee (D:7)
  5 electric eels
  2 howler monkeys (D:7)
  2 lava snakes (Lair:3)
  4 centaur zombies (D:8)
  3 jellies
  3 hounds
  3 gnoll boudas
  34 orc priests
  3 sleepcaps
  An iguana (D:5)
  13 orc wizards
  2 spriggan simulacra (IceCv)
  2 troll simulacra (IceCv)
  2 killer bee zombies (D:8)
  2 polar bear simulacra (IceCv)
  4 howler monkey zombies (D:8)
  9 adders
  16 gnolls
  4 naga simulacra (IceCv)
  3 river rats (Sewer)
  A shadow imp (D:7)
  3 white imps
  An ufetubus (D:6)
  3 worms
  4 dart slugs
  74 orcs
  9 ball pythons
  7 bats
  6 endoplasms
  4 giant cockroaches
  9 hobgoblins
  8 jackals
  9 quokkas
  6 frilled lizards
  8 goblins
  27 kobolds
  9 rats
  3 tentacles
1220 creatures vanquished.

Vanquished Creatures (others)
  A deep elf pyromancer (Elf:1)
  2 deep elf zephyrmancers
  18 fungi
  129 plants
  16 tentacles
166 creatures vanquished.

Grand Total: 1386 creatures vanquished

Notes
Turn   | Place    | Note
-------+----------+-------------------------------------------
     0 | D:1      | ryw the Mummy Fighter began the quest for the Orb.
     0 | D:1      | Reached XP level 1. HP: 18/18 MP: 1/1
   113 | D:1      | Reached XP level 2. HP: 24/24 MP: 2/2
   840 | D:2      | Gained mutation: You are in touch with the powers of death.
                  | [Mummy growth]
   840 | D:2      | Reached XP level 3. HP: 20/29 MP: 3/3
  1156 | D:2      | Found a faded altar of an unknown god.
  1284 | D:2      | Reached XP level 4. HP: 34/35 MP: 4/4
  1480 | D:2      | Identified a scroll of acquirement
  1480 | D:2      | Acquired the +8 whip "Snakebite" {venom, curare, rPois}
  1480 | D:2      | Found the +8 whip "Snakebite" {venom, curare, rPois}
  1487 | D:3      | Found an iron altar of Okawaru.
  1490 | D:3      | Became a worshipper of Warmaster Okawaru
  1544 | D:3      | Found a glowing drain.
  1555 | Sewer    | Entered a sewer
  1580 | Sewer    | Noticed a kobold brigand
  1598 | Sewer    | Killed a kobold brigand
  1599 | Sewer    | Reached XP level 5. HP: 19/42 MP: 5/5
  1884 | Sewer    | Reached XP level 6. HP: 48/48 MP: 6/6
  2314 | D:3      | Reached * piety under Okawaru
  3372 | D:4      | Found a bloodstained altar of Trog.
  4019 | D:5      | Entered Level 5 of the Dungeon
  4022 | D:5      | Noticed a water moccasin
  4032 | D:5      | Killed a water moccasin
  4032 | D:5      | Reached ** piety under Okawaru
  4033 | D:5      | Reached XP level 7. HP: 44/55 MP: 7/7
  4319 | D:5      | Found a hide-covered altar of Uskayaw.
  4474 | D:5      | Reached skill level 5 in Fighting
  4491 | D:5      | Found Qucritymp's Jewellery Shoppe.
  4508 | D:5      | Reached skill level 5 in Maces & Flails
  4649 | D:5      | Reached XP level 8. HP: 54/62 MP: 8/8
  4706 | D:5      | Reached *** piety under Okawaru
  5475 | D:6      | Found a broken altar of Ashenzari.
  5823 | D:6      | Found an ornate altar of the Wu Jian Council.
  5976 | D:6      | Noticed Edmund
  5984 | D:6      | Killed Edmund
  5984 | D:6      | Reached **** piety under Okawaru
  6023 | D:6      | Noticed Grinder
  6048 | D:6      | Paralysed by Grinder for 4 turns
  6054 | D:6      | Killed Grinder
  6055 | D:6      | Reached skill level 5 in Armour
  6055 | D:6      | Reached skill level 5 in Shields
  6055 | D:6      | Reached XP level 9. HP: 69/69 MP: 9/9
  6078 | D:6      | Found a hazy altar of Hepliaklqana.
  6462 | D:7      | Found a staircase to the Ecumenical Temple.
  6992 | D:7      | Reached ***** piety under Okawaru
  7035 | D:7      | Identified the +0 longbow of Joyful Slaughter {flame,
                  | Int+2} (Okawaru gifted it to you on level 7 of the Dungeon)
  7035 | D:7      | Received a gift from Okawaru
  7359 | D:7      | Found a shimmering altar of Xom.
  7984 | D:8      | Reached XP level 10. HP: 74/79 MP: 10/10
  8137 | D:8      | Received a gift from Okawaru
  8225 | D:8      | Noticed Prince Ribbit
  8232 | D:8      | Killed Prince Ribbit
  8452 | D:8      | Found Raasiff's General Store.
  8835 | D:8      | Noticed Maurice
  9342 | D:8      | Killed Maurice
  9552 | D:9      | Noticed a two-headed ogre
  9864 | D:9      | Noticed a two-headed ogre
  9873 | D:9      | Killed a two-headed ogre
 10081 | D:9      | Reached XP level 11. HP: 66/86 MP: 11/11
 10276 | D:10     | Entered Level 10 of the Dungeon
 10351 | D:10     | Found a staircase to the Orcish Mines.
 10383 | D:10     | Found a stormy altar of Qazlal.
 10495 | D:10     | Found a staircase to the Lair.
 10549 | D:10     | Noticed Erica
 10559 | D:10     | Killed Erica
 10586 | D:10     | Noticed Fannar
 10590 | D:10     | Noticed a sun demon
 10598 | D:10     | Reached skill level 1 in Ranged Weapons
 10636 | D:10     | Killed Fannar
 10773 | D:10     | Noticed Josephine
 10785 | D:10     | Killed Josephine
 10785 | D:10     | Reached ****** piety under Okawaru
 11098 | D:10     | Noticed Harold
 11113 | D:10     | Killed Harold
 11113 | D:10     | Received a gift from Okawaru
 11114 | D:10     | Reached skill level 10 in Maces & Flails
 11114 | D:10     | Found the +8 orange crystal plate armour {Archmagi, Int+3
                  | Clar}
 11605 | D:10     | Found a sparkling altar of Nemelex Xobeh.
 11778 | D:11     | Reached skill level 1 in Spellcasting
 12476 | D:12     | Noticed a seven-headed hydra
 12816 | D:12     | Reached XP level 12. HP: 80/95 MP: 15/15
 12866 | D:12     | Noticed a boulder beetle
 12898 | D:12     | Killed a boulder beetle
 13135 | D:12     | Noticed an eight-headed hydra
 13146 | D:12     | Killed an eight-headed hydra
 13146 | D:12     | Received a gift from Okawaru
 13367 | D:12     | Identified the +1 rapier of Might {chaos, Contam rPois
                  | Dex+2}
 13449 | D:12     | Received a gift from Okawaru
 13475 | D:12     | Killed a seven-headed hydra
 13475 | D:12     | Received a gift from Okawaru
 13475 | D:12     | Found the +2 shield of Resistance {rF++ rC++ Will++}
 13698 | D:12     | Identified the amulet "Sum Mips" {RegenMP rC++ Str+3 Int-5}
 14173 | D:13     | Reached skill level 10 in Fighting
 14314 | Lair:1   | Entered Level 1 of the Lair of Beasts
 14587 | Lair:1   | Noticed Amaemon
 14774 | D:10     | Killed Amaemon
 14936 | Lair:1   | Identified the +3 leather armour of Kuhyocao {Harm}
 15326 | Lair:1   | Identified the +3 pair of boots "Afuw" {rPois rF- rN+}
                  | (Okawaru gifted it to you on level 1 of the Lair of Beasts)
 15326 | Lair:1   | Received a gift from Okawaru
 15615 | Lair:1   | Noticed Gastronok
 15632 | Lair:1   | Killed Gastronok
 15654 | Lair:1   | Reached skill level 1 in Throwing
 15654 | Lair:1   | Gained mutation: You are strongly in touch with the powers
                  | of death. [Mummy growth]
 15654 | Lair:1   | Reached XP level 13. HP: 104/104 MP: 16/16
 16357 | Lair:2   | Found a staircase to the Shoals.
 16529 | Lair:2   | Found a frozen archway.
 16540 | IceCv    | Entered an ice cave
 17453 | IceCv    | Noticed a reaper
 17479 | IceCv    | Killed a reaper
 17724 | Lair:2   | Noticed Sonja
 17748 | Lair:2   | Killed Sonja
 17801 | Lair:1   | Acquired a manual of Maces & Flails
 18483 | Lair:2   | Identified the +0 robe of Masochism {Drain Fly rF++ Str+3}
                  | (Okawaru gifted it to you on level 2 of the Lair of Beasts)
 18483 | Lair:2   | Received a gift from Okawaru
 18678 | Lair:3   | Found a dark tunnel.
 18861 | Lair:3   | Found a staircase to the Snake Pit.
 19346 | Lair:3   | You fall into a shaft and drop 1 floor!
 20147 | Lair:5   | Entered Level 5 of the Lair of Beasts
 20430 | Lair:5   | Reached XP level 14. HP: 109/114 MP: 17/17
 20613 | Lair:5   | Found a viscous altar of Jiyva.
 20614 | Lair:5   | Found a staircase to the Slime Pits.
 20781 | Lair:5   | Received a gift from Okawaru
 20874 | Lair:5   | Reached skill level 10 in Armour
 21766 | Lair:5   | Reached skill level 5 in Throwing
 22026 | Lair:5   | Reached skill level 15 in Maces & Flails
 22401 | Orc:1    | Entered Level 1 of the Orcish Mines
 22401 | Orc:1    | Found a burning altar of Makhleb.
 22417 | D:10     | Received a gift from Okawaru
 23118 | Orc:1    | Noticed Erolcha
 23128 | Orc:1    | Killed Erolcha
 23298 | Orc:1    | Found a shimmering blue altar of Sif Muna.
 23541 | Orc:2    | Entered Level 2 of the Orcish Mines
 23604 | Orc:2    | Found Daeqotao's Antique Armour Shoppe.
 23661 | Orc:2    | Found a staircase to the Elven Halls.
 23910 | Orc:2    | Received a gift from Okawaru
 24827 | Orc:2    | Found Naoggar's Gadget Gallery.
 25480 | Orc:2    | Identified the +4 scale mail "Ussot" {rF++ rN+ Int-3}
                  | (Okawaru gifted it to you on level 2 of the Orcish Mines)
 25480 | Orc:2    | Received a gift from Okawaru
 25547 | Orc:2    | Reached XP level 15. HP: 112/122 MP: 18/18
 26028 | Orc:2    | Found Qesom's Magic Scroll Emporium.
 26028 | Orc:2    | Found Megiacw's Armour Emporium.
 26029 | Orc:2    | Found Joriynk's General Store.
 26029 | Orc:2    | Found Jinurph's Weapon Emporium.
 26036 | Orc:2    | Bought a scroll of enchant armour for 127 gold pieces
 26036 | Orc:2    | Bought a scroll of enchant armour for 127 gold pieces
 26036 | Orc:2    | Bought a scroll of enchant armour for 127 gold pieces
 26036 | Orc:2    | Bought a scroll of enchant weapon for 127 gold pieces
 26042 | Orc:2    | Bought a scroll of acquirement for 624 gold pieces
 26045 | Orc:2    | Acquired the +1 pair of gloves of Udofyuluata {rF+ Int+2}
 26379 | D:13     | Found a runed translucent gate.
 26379 | D:13     | Found a runed translucent gate.
 26380 | D:13     | Found a runed translucent gate.
 26384 | D:13     | Noticed Anupeecu's ghost (journeyman DsMo)
 26448 | D:13     | Killed Anupeecu's ghost
 26632 | D:13     | Identified the staff of earth "Pusem" {Str+4}
 26765 | D:13     | Found a gate to the Vaults.
 28474 | D:15     | Entered Level 15 of the Dungeon
 28870 | D:15     | Received a gift from Okawaru
 28928 | D:15     | Found a staircase to the Depths.
 30323 | Shoals:1 | Entered Level 1 of the Shoals
 30628 | Shoals:1 | Received a gift from Okawaru
 30772 | Shoals:1 | Found Wada's Dragon-Slaying Spoils.
 31397 | Shoals:1 | HP: 5/126 [alligator snapping turtle (13)]
 31948 | Shoals:2 | Reached XP level 16. HP: 124/133 MP: 19/19
 32013 | Shoals:2 | Identified the +10 mace "Yvuotz" {venom, rF++} (Okawaru
                  | gifted it to you on level 2 of the Shoals)
 32013 | Shoals:2 | Received a gift from Okawaru
 32064 | Shoals:2 | Acquired a +1 pair of gloves of strength
 32087 | Shoals:2 | Noticed Donald
 32101 | Shoals:2 | Reached skill level 1 in Evocations
 32112 | Shoals:2 | Killed Donald
 33177 | Shoals:3 | Received a gift from Okawaru
 33445 | Shoals:3 | Received a gift from Okawaru
 33479 | Shoals:3 | Reached skill level 1 in Invocations
 33701 | Shoals:3 | Received a gift from Okawaru
 34006 | Shoals:3 | Noticed a kraken
 34031 | Shoals:3 | Killed a kraken
 34243 | Shoals:4 | Entered Level 4 of the Shoals
 34272 | Shoals:3 | Reached skill level 10 in Shields
 34601 | Shoals:4 | Reached skill level 15 in Fighting
 34916 | Shoals:4 | Identified the ring "Fuagoid Qaru" {rElec rN+ AC+4 Str-3}
 34989 | Shoals:4 | Found Muucvoa's Distillery.
 35091 | Shoals:4 | Received a gift from Okawaru
 35598 | Shoals:4 | Received a gift from Okawaru
 36346 | Shoals:4 | Reached skill level 5 in Invocations
 36551 | Shoals:4 | Identified the +0 morningstar of the Vulture {flame, Int+3}
 36583 | Shoals:4 | Noticed Polyphemus
 36596 | Shoals:4 | Killed Polyphemus
 37300 | Shoals:4 | Reached XP level 17. HP: 110/142 MP: 21/21
 37806 | Shoals:4 | Got a barnacled rune of Zot
 37892 | Shoals:4 | Identified the +9 great sword "Ichecs" {freeze, rN+ Str+3
                  | SInv}
 38150 | Elf:1    | Entered Level 1 of the Elven Halls
 38174 | Orc:2    | Received a gift from Okawaru
 38419 | Elf:1    | Found a radiant altar of Vehumet.
 38453 | Elf:1    | Received a gift from Okawaru
 39176 | Snake:1  | Entered Level 1 of the Snake Pit
 39252 | Snake:1  | Found Guiddel's Weapon Shoppe.
 39457 | Snake:1  | Received a gift from Okawaru
 39506 | Snake:1  | Noticed Asterion
 39522 | Snake:1  | Killed Asterion
 40070 | Snake:1  | Found a shimmering altar of Xom.
 41797 | Snake:3  | Received a gift from Okawaru
 41972 | Snake:3  | Noticed Vashnia
 42262 | Snake:3  | Noticed Mlioglotl
 42296 | Snake:3  | Killed Mlioglotl
 42348 | Snake:3  | Killed Vashnia
 43035 | Snake:3  | Noticed Louise
 43052 | Snake:3  | Killed Louise
 43130 | Snake:3  | Received a gift from Okawaru
 43767 | Snake:4  | Entered Level 4 of the Snake Pit
 43778 | Snake:4  | Found Neyluvvu's Assorted Antiques.
 43778 | Snake:4  | Found Wucow's Distillery.
 44359 | Snake:4  | Received a gift from Okawaru
 44404 | Snake:4  | Reached XP level 18. HP: 151/151 MP: 24/24
 44965 | Snake:4  | Received a gift from Okawaru
 45825 | Snake:4  | Received a gift from Okawaru
 45963 | Snake:4  | Got a serpentine rune of Zot
 46916 | Elf:1    | Received a gift from Okawaru
 47424 | Elf:1    | Found Fiufiqoi's Book Emporium.
 47544 | Elf:1    | Paralysed by an air elemental for 1 turns
 49159 | Elf:2    | Found Feisauh's Book Emporium.
 50473 | Elf:2    | Received a gift from Okawaru
 50806 | Elf:2    | Found a runed translucent gate.
 50806 | Elf:2    | Found a runed translucent gate.
 50821 | Elf:2    | Found a runed translucent gate.
 50850 | Elf:2    | Received a gift from Okawaru
 50952 | Elf:2    | Received a gift from Okawaru
 51316 | Elf:2    | Reached XP level 19. HP: 155/163 MP: 25/25
 51698 | Elf:2    | Received a gift from Okawaru
 52700 | Elf:3    | Entered Level 3 of the Elven Halls
 53359 | Elf:3    | Identified the +0 leather armour "Jycvac" {rN+ rCorr Int+4
                  | Dex-2}
 53410 | Elf:3    | HP: 7/163 [deep elf sorcerer/damnation (40)]
 53416 | Elf:3    | Reached skill level 15 in Armour
 54408 | Elf:3    | Identified the amulet "Duojy" {RegenMP rCorr}
 54523 | Elf:3    | Identified the +4 dagger of Tehuferio {heavy, Str+2}
 54524 | Elf:3    | Identified the +1 great sword "Puritzy" {elec, rC- Str+5}
 54524 | Elf:3    | Identified the ring "Taexopre" {Fly rF+ Will+ MP+9}
 54524 | Elf:3    | Identified the ring "Qismu" {Fire rElec rPois Will- SInv}
 54555 | Elf:3    | Received a gift from Okawaru
 54741 | Elf:3    | Paralysed by an air elemental for 1 turns
 54961 | Elf:3    | Identified the +0 ring mail of Parlour Games {rF- SInv
                  | Stlth+}
 55622 | Elf:3    | Noticed a Brimstone Fiend
 56028 | Elf:3    | Identified the +1 pair of gloves of Valiance {rPois Regen+
                  | SInv}
 56485 | D:5      | Bought the ring of Tomorrow {Will+ rCorr Dex+2} for 585
                  | gold pieces
 56665 | Vaults:1 | Entered Level 1 of the Vaults
 56915 | Vaults:1 | Received a gift from Okawaru
 57062 | Vaults:1 | Found a runed translucent gate.
 57062 | Vaults:1 | Found a runed translucent gate.
 57062 | Vaults:1 | Found a runed translucent gate.
 57064 | Vaults:1 | Noticed Heh's ghost (adept OpVM)
 57166 | Vaults:1 | HP: 2/165 [brown very ugly thing (14)]
 57166 | Vaults:1 | Splashed by a brown very ugly thing's acid

Illustrated notes

Levels and vault maps discovered:
D:1:      dpeg_arrival_rooms_a, layout_basic
D:2:      layout_basic, basic_ecumenical_altar, minmay_surrounded
D:3:      layout_basic, okawaru_metal_pillars_1_2, gup_sewer_entry_bubbles
D:4:      layout_basic, trog_hazing_becter, chequers_serial_rivers_small_3
D:5:      layout_loops_cross, mainiacjoe_overflow_catwalk, serial_shops, shop
D:6:      layout_basic, nicolae_wu_jian_wuxing_cycle,
          mainiacjoe_overflow_alcove_1, lemuel_tele_altar, uniq_edmund,
          uniq_grinder
D:7:      cheibrodos_barr_body, layout_basic, lemuel_round_altar,
          minmay_temple_entry_tees
D:8:      layout_cave_pods, elyvilon_altar_4, serial_undead, serial_undead_d,
          serial_undead_f, serial_undead_a, serial_undead_a, serial_undead_c,
          serial_shops, nicolae_square_shop, grunt_ogre_cave, uniq_maurice,
          uniq_prince_ribbit1
D:9:      layout_rooms
D:10:     layout_loops_ring, zin_treasury, nemelex_diamond_rough_becter,
          grunt_qazlal_clouds, david_lair_shrubbed, kennysheep_pointless_box,
          uniq_erica, uniq_fannar, uniq_josephine, uniq_harold
D:11:     layout_roguey
D:12:     layout_long_grid, serial_rivers, chequers_serial_rivers_small_3,
          chequers_serial_rivers_micro_b, chequers_serial_rivers_room_a,
          chequers_serial_rivers_room_b, chequers_serial_rivers_small_a,
          minmay_misc_feat_hallway, minmay_misc_feat_iff
D:13:     layout_basic, david_vaults_4, gauntlet_entry_generic,
          gammafunk_ghost_spectres, kennysheep_dice
D:14:     layout_stronghold, serial_bayou, serial_bayou_pond_d,
          serial_bayou_pond_c, serial_bayou_shore_a, serial_bayou_lagoon_a,
          serial_bayou_pond_d, serial_bayou_lake_a,
          hangedman_decor_diamond_cutter
D:15:     hangedman_depths_entry_civil_slaughter, layout_irregular_city,
          chequers_serial_rivers_small_a
Lair:1:   layout_layer_cave, uniq_gastronok, uniq_amaemon
Lair:2:   layout_loops_ring, elwin_shoals_entry_stream, portal_ice_cave_rime,
          uniq_sonja
Lair:3:   layout_hall_layers, nicolae_snake_entry_warm_welcome, enter_volcano_3
Lair:4:   layout_gridlike, cheibrodos_lair_caveside_slide
Lair:5:   minmay_lair_end_enchanted_forest, layout_regular_city, slime_entry_1,
          grunt_megastairs_5, infiniplex_staircase_pool_2
Shoals:1: cheibrodos_shoals_epimethial_gifts, layout_shoals,
          nicolae_shop_dragon_depot
Shoals:2: layout_shoals, nicolae_shoals_shepherds, uniq_donald
Shoals:3: layout_shoals
Shoals:4: shoals_end_grunt_ice, layout_shoals, serial_shops, shop,
          uniq_polyphemus
Snake:1:  layout_misc_corridors, basic_altar, serial_shops, shop, uniq_asterion
Snake:2:  layout_misc_corridors, special_room, nicolae_snake_gridmaze_big_u,
          drop_trap, grunt_ministairs_15, nicolae_snake_lava_pool
Snake:3:  layout_cave_town, grunt_ministairs_2, nicolae_integral_box,
          uniq_vashnia, uniq_louise, uniq_mlioglotl
Snake:4:  minmay_snake_end_coiled, layout_grid_shapes, minmay_shoptagon
Orc:1:    layout_caves, basic_altar, kennysheep_orc_sif_temple, uniq_erolcha
Orc:2:    st_orc_pillars, layout_caves, serial_shops, shop_statue, basic_altar,
          nicolae_shop_gadgets
Elf:1:    eino_elf_arrival_altar, layout_geoelf_octagon, serial_shops,
          bzr_entry_water, shop, hangedman_elf_represent, minivault_25,
          minivault_24
Elf:2:    elven_hall_of_blades_hangedman_original
          [nicolae_blade_entry_crossed_weapons], layout_loops_ring,
          nicolae_stop_n_shop_2
Elf:3:    grunt_elf_hall_branching, layout_geoelf_castle
Vaults:1: gammafunk_ghost_fury_of_okawaru, nicolae_vaults_steering_wheel,
          vaults_dpeg_encased_lava, v_misc_3, v_misc_11,
          nicolae_vaults_hexular_roomagon, nicolae_vaults_house_3, v_misc_17,
          nicolae_vaults_tangram_2, nicolae_vaults_diamond_1, v_alt_pattern_2,
          serial_ice_m, ontoclasm_vaults_shuriken, hangedman_vaults_restitches,
          layout_vaults_big_room

Skill      XL: |  1  2  3  4  5  6  7  8  9 10 11 12 13 14 15 16 17 18 19 |
---------------+----------------------------------------------------------+-----
Maces & Flails | 2 3 4 5 6 7 9 10 12 14 16 17 18 | 18.1
Armour         | 3 4 5 6 7 8 9 10 11 12 14 15 | 15.4
Shields        | 3 4 5 6 7 8 9 10 11 | 11.4
Fighting       | 4 5 6 7 8 9 10 11 12 14 15 17 18 | 18.7
Ranged Weapons | 2 |  2.1
Spellcasting   | 2 |  2.0
Throwing       | 1 4 6 7 8 |  8.0
Evocations     | 1 |  1.9
Invocations    | 5 8 |  8.0

Action                     |  1- 3 |  4- 6 |  7- 9 | 10-12 | 13-15 | 16-18 | 19-21 || total
---------------------------+-------+-------+-------+-------+-------+-------+-------++-------
  Melee: Flail             |   121 |     5 |       |       |       |       |       ||   126
         Whip              |       |   147 |   337 |   512 |  1217 |       |       ||  2213
         Morningstar       |       |       |     9 |   229 |   665 |  1777 |    78 ||  2758
         Eveningstar       |       |       |       |       |       |       |   394 ||   394
  Throw: Dart              |       |       |       |     5 |     2 |     3 |       ||    10
         Javelin           |       |       |       |       |       |    33 |     5 ||    38
         Boomerang         |       |       |       |       |       |    43 |     8 ||    51
 Invoke: Heroism           |       |       |       |       |     4 |    23 |     5 ||    32
         Finesse           |       |       |       |       |     2 |    14 |     2 ||    18
  Evoke: Wand              |       |       |       |     7 |       |       |       ||     7
    Use: Scroll            |     2 |     4 |     8 |     4 |    10 |     8 |    13 ||    49
 Armour: Scale mail        |    81 |    65 |    16 |       |       |       |       ||   162
         Plate armour      |       |       |   142 |   229 |       |       |       ||   371
         Crystal plate arm |       |       |       |   267 |  1062 |  1057 |   254 ||  2640
  Dodge: Dodged            |    66 |    65 |    87 |   144 |   234 |   284 |   104 ||   984
         Repelled          |       |       |       |       |     1 |     1 |       ||     2
  Block: Buckler           |    35 |    35 |    63 |   151 |       |       |       ||   284
         Kite shield       |       |       |       |    86 |   829 |   962 |   242 ||  2119

Table legend: (Time is in decaauts)
 A = Elapsed time spent in this place.
 B = Non-inter-level travel time spent in this place.
 C = Inter-level travel time spent in this place.
 D = Time resting spent in this place.
 E = Time spent auto-exploring this place.
 F = Levels seen in this place.
 G = Mean time per level.
                   A        B        C        D        E       F      G
               +--------+--------+--------+--------+--------+-----+--------+
         Total |  56445 |  53430 |   3015 |  15078 |  26781 |  36 | 1567.9 |
       Dungeon |  19091 |  17548 |   1543 |   3415 |  10836 |  15 | 1272.7 |
          Lair |   6231 |   5724 |    507 |    307 |   4284 |   5 | 1246.2 |
        Shoals |   7923 |   7674 |    249 |   2987 |   3017 |   4 | 1980.8 |
     Snake Pit |   6788 |   6551 |    237 |   1701 |   3159 |   4 | 1697.0 |
  Orcish Mines |   3790 |   3527 |    263 |   1191 |   1445 |   2 | 1895.0 |
   Elven Halls |  10247 |  10033 |    214 |   4840 |   2917 |   3 | 3415.7 |
        Vaults |    469 |    469 |      0 |    159 |    171 |   1 |  469.0 |
         Sewer |    814 |    814 |      0 |      0 |    643 |   1 |  814.0 |
      Ice Cave |   1089 |   1089 |      0 |    477 |    308 |   1 | 1089.0 |
               +--------+--------+--------+--------+--------+-----+--------+

Top non-repeatable levels by time:
   Elf:1: 4415 daAuts
   Elf:2: 3327 daAuts
   Orc:2: 2819 daAuts
Shoals:4: 2768 daAuts
    D:10: 2701 daAuts
   Elf:3: 2504 daAuts
Shoals:3: 2269 daAuts
 Snake:4: 2209 daAuts
 Snake:3: 1919 daAuts
Shoals:1: 1897 daAuts
  Lair:5: 1727 daAuts
 Snake:2: 1721 daAuts
     D:8: 1607 daAuts
  Lair:1: 1580 daAuts
     D:7: 1499 daAuts
